 Dungeon Crawl Stone Soup version 0.30-b1-2-g02819fbbbe (webtiles) character file.

Game seed: 17322999142425406306

48 Alarkh the Trooper (level 3, -3/29 HPs)
             Began as a Demonspawn Artificer on Nov 26, 2023.
             Slain by Terence
             ... wielding a +0 morningstar
              (12 damage)
             ... on level 2 of the Dungeon.
             The game lasted 00:01:16 (1295 turns).

Alarkh the Trooper (Demonspawn Artificer)           Turns: 1295, Time: 00:01:16

Health: -3/29      AC:  3    Str: 12    XL:     3   Next: 50%
Magic:  3/3        EV: 11    Int: 14    God:
Gold:   92         SH:  0    Dex: 13    Spells: 2/2 levels left

rFire   . . .        q - +0 quarterstaff
rCold   . . .        (shield currently unavailable)
rNeg    . . .        b - +0 leather armour
rPois   +            (no helmet)
rElec   .            (no cloak)
rCorr   .            (no gloves)
SInv    .            (no boots)
Will    .....        (no amulet)
Stlth   +            p - ring of poison resistance
HPRegen 0.24/turn    (no ring)
MPRegen 0.08/turn

%: no passive effects
@: no status effects
A: weakness stinger 1
a: no special abilities


You were on level 2 of the Dungeon.
You visited 1 branch of the dungeon, and saw 2 of its levels.

You collected 92 gold pieces.

Inventory:

Hand Weapons
 a - a +0 dagger
 h - a +0 club
 q - a +0 quarterstaff (weapon)
Armour
 b - a +0 leather armour (worn)
Jewellery
 p - a ring of poison resistance (left hand)
Wands
 c - a wand of flame (15) (quivered)
 d - a wand of charming (15)
 e - a wand of iceblast (5)
Scrolls
 g - 3 scrolls of identify {unknown}
 i - a scroll of enchant armour {unknown}
 j - a scroll of noise {unknown}
Potions
 f - a potion of resistance {unknown}
 k - a potion of brilliance {unknown}
 l - a potion of haste {unknown}
 m - 2 potions of heal wounds {unknown}
 n - a potion of ambrosia {unknown}
 o - a potion of might {unknown}
 r - a potion of curing {unknown}
 s - a potion of lignification {unknown}


   Skills:
 + Level 3.3 Fighting
 * Level 0.6 Staves
 - Level 1.7 Armour
 - Level 0.8 Dodging
 - Level 0.8 Stealth
 - Level 3.0 Evocations


You had 2 spell levels left.
You didn't know any spells.
Your spell library was empty.

Dungeon Overview and Level Annotations

Branches:
Dungeon (2/15)

Altars:

Annotations:
D:2 1 runed translucent door, Crazy Yiuf, Terence


Innate Abilities, Weirdness & Mutations

You have a small tail.


Message History

There are monsters nearby!
The ball python closely misses you. The ball python misses you.
You hit the ball python.
You kill the ball python!
The dart slug launches a dart at you. The slug dart misses you.
The dart slug launches a dart at you. The slug dart hits you.
The dart slug launches a dart at you. The slug dart hits you.
You hit the dart slug. You tail-slap the dart slug.
You kill the dart slug!
No target in view!
No target in view!
No target in view!
No target in view!
No target in view!
No target in view!
No target in view!
No target in view!
No target in view!
No target in view!
No target in view!
No target in view!
No target in view!
Found a hammer.
Found a runed translucent door.
Crazy Yiuf shouts!
Terence the Incautious comes into view.
He is wielding a +0 morningstar.
Terence is nearby!
The helpless Terence fails to defend himself.
You hit Terence.
Your tail-slap misses Terence.
Terence is lightly wounded.
Terence hits you with a +0 morningstar!
You hit Terence.
Terence is lightly wounded.
Terence hits you with a +0 morningstar! Terence barely misses you.
You are too injured to fight recklessly!
Okay, then.
Terence attacks as you move away! Terence hits you with a +0 morningstar!
You die...

#.#.......
#.#.###### #.#.#
##.#+#### #+#
#.......# #.#
#.......#
###.####.......#
#.............##
#@#.####......#
#@#.####......####
#.#.........##....
#.##......####....
#..+......'..+....
####......####....
######.........
#.######## #.# #


You could see Terence.

Vanquished Creatures
  A dart slug (D:2)
  3 endoplasms (D:1)
  A giant cockroach (D:2)
  4 goblins
  7 hobgoblins
  7 ball pythons
  10 bats
  8 frilled lizards
  2 kobolds (D:1)
  2 rats (D:1)
45 creatures vanquished.

Notes
Turn   | Place    | Note
-------+----------+-------------------------------------------
     0 | D:1      | Alarkh the Demonspawn Artificer began the quest for the
                  | Orb.
     0 | D:1      | Reached XP level 1. HP: 15/15 MP: 1/1
   111 | D:1      | Gained mutation: You have a small tail. [demonic ancestry]
   111 | D:1      | Reached XP level 2. HP: 17/22 MP: 2/2
   615 | D:1      | Reached XP level 3. HP: 29/29 MP: 3/3
   666 | D:1      | Found a faded altar of an unknown god.
  1252 | D:2      | Found a runed translucent door.
  1253 | D:2      | Noticed Crazy Yiuf
  1290 | D:2      | Noticed Terence
  1295 | D:2      | Slain by Terence

Illustrated notes

Levels and vault maps discovered:
D:1:      dpeg_arrival_morbid_curiosity, layout_rooms,
          shapermc_ecumenical_altar_hornbeckon
D:2:      layout_basic, minivault_23, minmay_lizard_pond, uniq_terence,
          uniq_crazy_yiuf_cottage

Skill      XL: |  1  2 |
---------------+-------+-----
Fighting       | 2 3 |  3.3
Staves         | |  0.6
Armour         | |  1.7
Dodging        | |  0.8
Stealth        | |  0.8
Evocations     | |  3.0

Action                     || total
---------------------------++-------
  Melee: Club              ||    41
         Dagger            ||    42
         Tailslap          ||    13
         Quarterstaff      ||    45
         Punch             ||     1
   Stab: Sleeping          ||     3
 Armour: Leather armour    ||    44
  Dodge: Dodged            ||    92
